 Dungeon Crawl Stone Soup version 0.31-a0-868-g674d60d6f7 (webtiles) character file.

Game seed: 11179796373137660250

130 LeprechaunX the Changeling (level 5, -1/34 HPs)
             Began as an Octopode Shapeshifter on Oct 11, 2023.
             Succumbed to a kobold's poison
             ... on level 3 of the Dungeon.
             The game lasted 00:04:00 (1723 turns).

LeprechaunX the Changeling (Octopode Shapeshifter)  Turns: 1723, Time: 00:04:01

Health: -1/34      AC:  5    Str: 14    XL:     5   Next: 13%
Magic:  5/5        EV: 14    Int: 11    God:
Gold:   142        SH:  0    Dex: 16    Spells: 4/4 levels left

rFire   + +          .
                       - Unarmed
rCold   + . .        (no shield)
rNeg    + . .        (helmet currently unavailable)
rPois   +            (no amulet)
rElec   +            g - +4 ring of protection
rCorr   +            h - ring of positive energy
SInv    .            (no ring)
Will    .....        (no ring)
Stlth   ++           (no ring)
HPRegen 0.25/turn    (no ring)
MPRegen 0.09/turn    (no ring)
                     (no ring)

%: no passive effects
@: lethally poisoned (-1 -> -16), beast-form, resistant
A: beast (slay +2), almost no armour, amphibious, 8 rings, camouflage 1,
gelatinous body 1, (nimble swimmer 1), tentacles, agile 1, fire resistance 1,
mutation resistance 1, inability to read after injury 1
a: Begin Untransformation


You were on level 3 of the Dungeon.
You were a hulking beast.
You visited 1 branch of the dungeon, and saw 3 of its levels.

You collected 142 gold pieces.

Inventory:

Missiles
 f - 4 boomerangs (quivered)
Jewellery
 g - a +4 ring of protection (left tentacle)
 h - a ring of positive energy (right tentacle)
Talismans
 b - a beast talisman (active)
 c - a flux talisman
Scrolls
 d - 7 scrolls of identify {unknown}
 e - a scroll of enchant weapon {unknown}
 n - a scroll of fog {unknown}
 o - a scroll of teleportation {unknown}
 p - 3 scrolls of vulnerability {unknown}
Potions
 a - a potion of lignification
 i - a potion of berserk rage {unknown}
 j - a potion of invisibility {unknown}
 k - a potion of mutation
 l - a potion of resistance
 m - a potion of haste {unknown}
 q - 3 potions of attraction {unknown}


   Skills:
 + Level 2.2 Fighting
 + Level 2.8 Dodging
 + Level 3.6 Unarmed Combat
 * Level 4.0 Shapeshifting


You had 4 spell levels left.
You didn't know any spells.
Your spell library was empty.

Dungeon Overview and Level Annotations

Branches:
Dungeon (3/15)

Altars:
The Shining One


Innate Abilities, Weirdness & Mutations

You are a hulking beast.
Your limbs bulge with bestial killing power. (Slay +2)
You cannot wear most types of armour.
You are amphibious.
You can wear up to eight rings at the same time.
Your skin changes colour to match your surroundings (Stealth+).
Your rubbery body absorbs attacks. (AC +1, EV +1)
((You are camouflaged when in or above water. (Stealth+)))
You have tentacles for arms and can constrict up to eight enemies at once.
You are agile. (Dex +4, Str/Int -1)
Your flesh is heat resistant. (rF+)
You are somewhat resistant to further mutation.
You occasionally lose the ability to read scrolls when taking damage.


Message History

The kobold hits the bush but does no damage.
The giant cockroach bites the bush but does no damage.
You feel sick.
The kobold hits the bush but does no damage.
The giant cockroach bites the bush but does no damage.
You hear the slow rusting of a drain nearby.
You feel sick.
The kobold throws a poisoned dart.
The poisoned dart hits you!
You are more poisoned.
You feel very sick.
The kobold throws a poisoned dart.
The poisoned dart hits you.
You are lethally poisoned!
Found a glowing golden altar of the Shining One.
You feel very sick.
The kobold throws a poisoned dart.
The poisoned dart barely misses you.
The giant cockroach bites the bush but does no damage.
* * * LOW HITPOINT WARNING * * *
You feel very sick.
The kobold hits the bush with a +0 whip.
The giant cockroach bites the bush but does no damage.
* * * LOW HITPOINT WARNING * * *
You feel sick.
The kobold hits the bush but does no damage.
* * * LOW HITPOINT WARNING * * *
You feel sick.
The kobold throws a poisoned dart.
The poisoned dart barely misses you.
* * * LOW HITPOINT WARNING * * *
You feel sick.
The giant cockroach bites the bush but does no damage.
It was a potion of mutation.
You feel extremely strange.
You feel agile.
You occasionally lose the ability to read scrolls when taking damage.
You feel resistant to heat.
You feel genetically stable.
* * * LOW HITPOINT WARNING * * *
You feel sick.
The giant cockroach bites the bush but does no damage.
The kobold throws a poisoned dart.
The poisoned dart hits you!
You are more poisoned.
It was a potion of resistance.
You feel protected.
You die...
PP. .PPP PPPPP...
P. . ...PP PPP......PPPPP

.P
...PPP...B..PPP...P
.PPPP....K.PPPPP..._.
...PPP...PPP.....#
#...PPPPP.....##
###..?......#..####
#.#######.##.h..# #.#
#####+++# #.# #.#
#.#### .###.#..#
.....#..# .##.....#
#.....#


You could see a giant cockroach and a kobold.

Vanquished Creatures
  6 gnolls (D:2)
  An adder (D:2)
  A dart slug (D:2)
  7 endoplasms
  4 giant cockroaches
  6 goblins
  7 hobgoblins
  3 jackals (D:2)
  6 kobolds
  2 quokkas (D:2)
  4 ball pythons
  5 bats
  2 frilled lizards
  4 rats
58 creatures vanquished.

Notes
Turn   | Place    | Note
-------+----------+-------------------------------------------
     0 | D:1      | LeprechaunX the Octopode Shapeshifter began the quest for
                  | the Orb.
     0 | D:1      | Reached XP level 1. HP: 13/13 MP: 1/1
    98 | D:1      | Reached XP level 2. HP: 18/18 MP: 2/2
   596 | D:1      | Reached XP level 3. HP: 23/23 MP: 3/3
  1132 | D:2      | Reached XP level 4. HP: 11/29 MP: 4/4
  1281 | D:2      | Reached skill level 4 in Shapeshifting
  1281 | D:2      | Reached XP level 5. HP: 34/34 MP: 5/5
  1717 | D:3      | Found a glowing golden altar of the Shining One.
  1722 | D:3      | Gained mutation: You are agile. (Dex +4, Str/Int -1)
                  | [potion of mutation]
  1722 | D:3      | Gained mutation: You occasionally lose the ability to read
                  | scrolls when taking damage. [potion of mutation]
  1722 | D:3      | Gained mutation: Your flesh is heat resistant. (rF+)
                  | [potion of mutation]
  1722 | D:3      | Gained mutation: You are somewhat resistant to further
                  | mutation. [potion of mutation]
  1723 | D:3      | Succumbed to a kobold's poison

Illustrated notes

Levels and vault maps discovered:
D:1:      heliophobic_arrival_ceremonial_halls, layout_loops_ring,
          chequers_avenue
D:2:      minmay_inner_zag, layout_loops_ring
D:3:      layout_basic, mainiacjoe_overflow_catch_the_wave,
          mainiacjoe_overflow_paths, nicolae_overflow_crystal_walls,
          nemelex_altar_shiori, cheibrodos_sewer_entry_sluice

Skill      XL: |  1  2  3  4 |
---------------+-------------+-----
Fighting       | 2 |  2.2
Shapeshifting  | 4 |  4.0
Dodging        | |  2.8
Unarmed Combat | |  3.6

Action                     |  1- 3 |  4- 6 || total
---------------------------+-------+-------++-------
  Melee: Unarmed           |    86 |    40 ||   126
         Constrict         |    22 |     8 ||    30
         Tentacles         |    12 |    12 ||    24
         Punch             |     3 |       ||     3
  Throw: Boomerang         |       |     1 ||     1
    Use: Potion            |       |     2 ||     2
   Stab: Sleeping          |     9 |     4 ||    13
         Distracted        |     1 |       ||     1
 Armour: Skin              |    33 |    11 ||    44
  Dodge: Dodged            |    42 |    19 ||    61

Table legend: (Time is in decaauts)
 A = Elapsed time spent in this place.
 B = Non-inter-level travel time spent in this place.
 C = Inter-level travel time spent in this place.
 D = Time resting spent in this place.
 E = Time spent auto-exploring this place.
 F = Levels seen in this place.
 G = Mean time per level.
                   A        B        C        D        E       F      G
               +--------+--------+--------+--------+--------+-----+--------+
         Total |   1714 |   1682 |     32 |     69 |   1219 |   3 |  571.3 |
       Dungeon |   1714 |   1682 |     32 |     69 |   1219 |   3 |  571.3 |
               +--------+--------+--------+--------+--------+-----+--------+

Top non-repeatable levels by time:
     D:1: 871 daAuts
     D:2: 785 daAuts
     D:3: 57 daAuts
